[Event "Titled Tuesday Blitz February 28 Late 2023"]
[White "Rosen, Eric"]
[Black "Papayan, Oleg"]
[WhiteFideId "2032562"]
[BlackFideId "4193911"]
[WhiteElo "2359"]
[BlackElo "2153"]
[Result "1-0"]
[Round "03"]
[TimeControl "180+2"]
[Date "2023.02.28"]
[WhiteClock "0:01:04"]
[BlackClock "0:00:14"]

1. d4 Nf6 2. Bf4 d5 3. e3 c5 4. Nf3 Nc6 5. Nbd2 e6 6. c3 Bd6 7. Bg3 O-O 8. Bb5 a6 9. Bxc6 bxc6 10. Qa4 Bb7 11. Bxd6 Qxd6 12. Qa3 Nd7 13. Nb3 e5 14. Nxe5 Nxe5 15. dxe5 Qxe5 16. Qxc5 a5 17. O-O a4 18. Nd4 Kh8 19. Rfe1 f5 20. Rad1 a3 21. b3 Rf6 22. Nf3 Qe4 23. Qd4 Qe7 24. b4 Re8 25. Rb1 Ba6 26. Rb3 f4 27. Rxa3 Bc4 28. Ra7 Qd6 29. exf4 Rxe1+ 30. Nxe1 Rxf4 31. Qxf4 Qxf4 32. Ra8+ Qf8 33. Rxf8# 1-0


[Site "https://www.chess.com"]

[Event "Titled Tuesday Blitz February 28 Late 2023"]
[White "Goncalves, Davi Sulzbacher"]
[Black "Melikyan, Gnel"]
[WhiteFideId "2154510"]
[BlackFideId "54109990"]
[WhiteElo "2182"]
[BlackElo "2138"]
[Result "0-1"]
[Round "03"]
[TimeControl "180+2"]
[Date "2023.02.28"]
[WhiteClock "0:00:13"]
[BlackClock "0:00:35"]

1. c4 f5 2. Nc3 Nf6 3. Nf3 g6 4. d4 Bg7 5. Qc2 d6 6. e4 O-O 7. Bd3 Nc6 8. a3 fxe4 9. Nxe4 Nxe4 10. Bxe4 Nxd4 11. Nxd4 Bxd4 12. O-O Bg7 13. Bg5 Qe8 14. Rae1 e5 15. c5 Qb5 16. cxd6 cxd6 17. Be7 Rf7 18. Bxd6 Bf5 19. a4 Bxe4 20. Rxe4 Qd5 21. Rd1 Qe6 22. Qc4 Qxc4 23. Rxc4 Rd8 24. Rc2 Rfd7 25. Rcd2 Bh6 26. f4 Bxf4 27. Rd5 e4 0-1


[Site "https://www.chess.com"]

[Event "Titled Tuesday Blitz February 28 Late 2023"]
[White "Womacka, Mathias"]
[Black "Alikhanov, Felix"]
[WhiteFideId "4611390"]
[BlackFideId "4157427"]
[WhiteElo "2377"]
[BlackElo "2425"]
[Result "0-1"]
[Round "03"]
[TimeControl "180+2"]
[Date "2023.02.28"]
[WhiteClock "0:00:26"]
[BlackClock "0:02:17"]

1. e4 e6 2. d4 d5 3. Nd2 Nf6 4. e5 Nfd7 5. Bd3 c5 6. c3 Nc6 7. Ne2 cxd4 8. cxd4 f6 9. exf6 Nxf6 10. Nf3 Bd6 11. O-O O-O 12. Bf4 Bxf4 13. Nxf4 Ng4 14. g3 g5 15. Ng2 Qf6 16. Be2 Nh6 17. Ne3 Nf5 18. Ng4 Qg7 19. Bb5 Ncxd4 20. Nxd4 Nxd4 21. Ba4 e5 22. f3 Rxf3 23. Rxf3 Bxg4 24. Rf8+ Rxf8 25. Qxg4 e4 26. Rf1 Nf3+ 27. Kg2 Qxb2+ 28. Kh3 Qxh2# 0-1


[Site "https://www.chess.com"]

[Event "Titled Tuesday Blitz February 28 Late 2023"]
[White "Dudzinski, Pawel"]
[Black "Yang, Qindong"]
[WhiteFideId "1117890"]
[BlackFideId "8603758"]
[WhiteElo "2099"]
[BlackElo "2090"]
[Result "0-1"]
[Round "03"]
[TimeControl "180+2"]
[Date "2023.02.28"]
[WhiteClock "0:00:04"]
[BlackClock "0:00:18"]

1. e4 c5 2. c4 Nc6 3. Nc3 g6 4. g3 Bg7 5. Bg2 e6 6. Nge2 Nge7 7. O-O O-O 8. Rb1 Rb8 9. a3 Nd4 10. b4 d6 11. d3 b6 12. Nxd4 cxd4 13. Ne2 b5 14. cxb5 Rxb5 15. Bb2 e5 16. Qa4 Qb6 17. Bc1 Be6 18. Bd2 Rb8 19. Rbc1 d5 20. f4 dxe4 21. Bxe4 Bd5 22. Bxd5 Nxd5 23. fxe5 Ne3 24. Bxe3 dxe3 25. d4 Qe6 26. Rc7 R5b7 27. Rfc1 Rxc7 28. Rxc7 Qf5 29. Nf4 Qb1+ 30. Kg2 Qb2+ 31. Qc2 Qxd4 32. Rc8+ Rxc8 33. Qxc8+ Bf8 34. e6 Qe4+ 35. Kh3 Qf5+ 36. Kg2 Qe4+ 37. Kh3 fxe6 38. Nxe6 Qf5+ 39. g4 Qf3+ 40. Kh4 e2 41. Nxf8 e1=Q+ 42. Kg5 Qe5+ 43. Kh6 Qxh2+ 44. Kg5 Qff4# 0-1


[Site "https://www.chess.com"]

[Event "Titled Tuesday Blitz February 28 Late 2023"]
[White "Goudriaan, Etienne"]
[Black "Ponce Cano, Adrian"]
[WhiteFideId "1021150"]
[BlackFideId "22296913"]
[WhiteElo "2318"]
[BlackElo "2211"]
[Result "1-0"]
[Round "03"]
[TimeControl "180+2"]
[Date "2023.02.28"]
[WhiteClock "0:01:04"]
[BlackClock "0:00:49"]

1. d4 d5 2. c4 c6 3. Nf3 Nf6 4. g3 e6 5. Bg2 Bd6 6. O-O Nbd7 7. Qc2 O-O 8. Nbd2 Re8 9. e4 dxe4 10. Nxe4 Nxe4 11. Qxe4 Nf6 12. Qe2 h6 13. Ne5 Qc7 14. Bf4 Nd7 15. c5 Bxe5 16. Bxe5 Nxe5 17. dxe5 b6 18. Rac1 Bb7 19. Qe3 Rad8 20. b4 b5 21. Rfd1 Rxd1+ 22. Rxd1 Rd8 23. Rd6 a5 24. Qd2 Rxd6 25. cxd6 Qd8 26. bxa5 Kf8 27. a6 Bxa6 28. Bxc6 Qb6 29. d7 Qd8 30. Qd6+ Kg8 31. Qa3 Bb7 32. Bxb7 Qxd7 33. Qa8+ Kh7 34. Be4+ g6 35. Qb7 1-0


[Site "https://www.chess.com"]

[Event "Titled Tuesday Blitz February 28 Late 2023"]
[White "Thomforde-Toates, Noah"]
[Black "Przybylski, Wojciech"]
[WhiteFideId "30951992"]
[BlackFideId "1117599"]
[WhiteElo "2627"]
[BlackElo "2222"]
[Result "1-0"]
[Round "03"]
[TimeControl "180+2"]
[Date "2023.02.28"]
[WhiteClock "0:00:18"]
[BlackClock "0:00:03"]

1. e4 c5 2. Nf3 e6 3. d4 cxd4 4. Nxd4 Nc6 5. Nc3 Qc7 6. Be3 a6 7. a3 Nf6 8. Be2 b5 9. O-O Bb7 10. f3 Be7 11. Qd2 O-O 12. Rad1 Rad8 13. Kh1 d5 14. exd5 Nxd5 15. Nxd5 Rxd5 16. Qe1 Nxd4 17. Bxd4 Rh5 18. h3 Qxc2 19. Bd3 Qc7 20. Bg1 Bh4 21. Qe2 Bg3 22. Rc1 Qe5 23. Qxe5 Rxe5 24. Bh2 Bxh2 25. Kxh2 Rd8 26. Rc7 Bd5 27. Rfc1 g6 28. Kg3 Re3 29. Bf1 Rb3 30. R1c2 Kg7 31. Kf4 Kf6 32. Ra7 Rd6 33. h4 e5+ 34. Kg4 h5+ 35. Kg3 e4 36. Be2 exf3 37. Bxf3 Be6 38. Kf2 Bf5 39. Re2 Rbd3 40. Ree7 Be6 41. Reb7 Rd2+ 42. Kg3 Rxb2 43. a4 Rb3 44. a5 Ra3 45. Rb6 Rd4 46. Rbxa6 Rg4+ 47. Kf2 Rxh4 48. Rb6 Rb4 49. Kg3 h4+ 50. Kh2 Rb2 51. Bd5 h3 52. Rxf7+ Kg5 53. Rxe6 Rd2 54. Re5+ Kh6 55. Bb7 hxg2 56. Re1 Ra4 57. Bxg2 Rg4 58. Rg1 Ra2 59. Kh3 Rg5 60. Ra7 b4 61. Rb7 Rgxa5 62. Rxb4 R5a3+ 63. Kh2 Ra4 64. Rxa4 Rxa4 65. Kg3 Ra5 66. Rh1+ Rh5 67. Rb1 Rg5+ 68. Kf2 Rf5+ 69. Bf3 Re5 70. Kg3 Kg5 71. Rb6 Rc5 72. Be4 Rc3+ 73. Kf2 Kf4 74. Bxg6 Rf3+ 75. Ke2 Re3+ 76. Kd2 Re5 77. Bd3 Re7 78. Rb4+ Kf3 79. Rb6 Rf7 80. Be2+ Kf2 81. Bd3 Rf8 82. Rb1 Kg2 83. Re1 Rf2+ 84. Ke3 Rf7 85. Be4+ Kh2 86. Rh1+ Kg3 87. Rg1+ Kh2 88. Rg5 Rf1 89. Bf3 Re1+ 90. Kf4 Re8 91. Rh5+ Kg1 92. Rh1+ Kf2 93. Rh2+ Kf1 94. Ra2 Rf8+ 95. Ke3 Re8+ 96. Be4 Kg1 97. Rg2+ Kf1 98. Rg5 Rb8 99. Bd3+ Ke1 100. Rg1# 1-0


[Site "https://www.chess.com"]

[Event "Titled Tuesday Blitz February 28 Late 2023"]
[White "Plotkin, Victor"]
[Black "Alex_Sahakyan2006"]
[WhiteFideId "2606674"]
[WhiteElo "2214"]
[BlackElo "2626"]
[Result "0-1"]
[Round "03"]
[TimeControl "180+2"]
[Date "2023.02.28"]
[WhiteClock "0:00:19"]
[BlackClock "0:01:32"]

1. e4 c5 2. c3 Nc6 3. d4 cxd4 4. cxd4 d5 5. Nc3 dxe4 6. d5 Ne5 7. Nxe4 Nf6 8. Nxf6+ exf6 9. Bb5+ Bd7 10. Bxd7+ Qxd7 11. Ne2 Bb4+ 12. Bd2 Nd3+ 13. Kf1 Nxb2 14. Qb3 Bxd2 15. Qxb2 Ba5 16. Rd1 O-O 17. g3 Qh3+ 18. Kg1 Rfe8 19. Nf4 Qf5 20. Qd4 Bb6 21. Qd3 Qxd3 22. Rxd3 Re1+ 23. Kg2 Rxh1 24. Kxh1 Bxf2 25. d6 Rd8 26. d7 Kf8 27. Kg2 Bb6 28. Kf3 Bc7 29. Nh5 Be5 30. h3 g6 31. Nf4 Bxf4 32. Kxf4 Ke7 0-1


[Site "https://www.chess.com"]

[Event "Titled Tuesday Blitz February 28 Late 2023"]
[White "Haydon, David L"]
[Black "Girsh, Daniel"]
[WhiteFideId "415405"]
[BlackFideId "30949190"]
[WhiteElo "2326"]
[BlackElo "2075"]
[Result "1/2-1/2"]
[Round "03"]
[TimeControl "180+2"]
[Date "2023.02.28"]
[WhiteClock "0:01:08"]
[BlackClock "0:01:06"]

1. e4 c5 2. Nf3 d6 3. d4 cxd4 4. Nxd4 Nf6 5. Nc3 a6 6. a4 e5 7. Nb3 Be7 8. Be2 O-O 9. Be3 Be6 10. g4 d5 11. exd5 Nxd5 12. Nxd5 Bxd5 13. Bf3 e4 14. Be2 Nc6 15. c3 Ne5 16. Nd4 Nd3+ 17. Bxd3 exd3 18. Rg1 Be4 19. Qd2 Re8 20. O-O-O Qa5 21. Kb1 Qxa4 22. f3 Bg6 23. Nf5 Rad8 24. Bd4 Rd5 25. Qxd3 Ra5 26. Rge1 Bxf5 27. gxf5 Qa2+ 28. Kc2 Qa4+ 29. Kb1 Qa2+ 30. Kc2 Qa4+ 31. Kb1 1/2-1/2


[Site "https://www.chess.com"]

[Event "Titled Tuesday Blitz February 28 Late 2023"]
[White "Golubev, Mikhail"]
[Black "Kvaloy, Aksel Bu"]
[WhiteFideId "14100983"]
[BlackFideId "1528815"]
[WhiteElo "2374"]
[BlackElo "2208"]
[Result "1/2-1/2"]
[Round "03"]
[TimeControl "180+2"]
[Date "2023.02.28"]
[WhiteClock "0:00:12"]
[BlackClock "0:00:09"]

1. e4 e5 2. Nf3 Nf6 3. Nc3 Nc6 4. d4 exd4 5. Nxd4 Bb4 6. Nxc6 bxc6 7. Bd3 d5 8. exd5 O-O 9. O-O cxd5 10. Bg5 c6 11. Na4 Bd6 12. Re1 h6 13. Bh4 c5 14. c3 Bd7 15. Bc2 g6 16. Bg3 Bxg3 17. hxg3 Qc7 18. Qf3 Kg7 19. Qf4 Qxf4 20. gxf4 Rfc8 21. a3 Rab8 22. Rab1 a5 23. Re5 Rb7 24. f3 Bxa4 25. Bxa4 Rcb8 26. b3 c4 27. b4 axb4 28. axb4 Ra7 29. Bc6 Ra3 30. Bxd5 Nxd5 31. Rxd5 Rxc3 32. Rc5 Rb3 33. Rc1 R8xb4 34. R5xc4 Rb7 35. R1c2 Rb1+ 36. Kf2 Rd1 37. g4 Rh1 38. Rc7 Rxc7 39. Rxc7 h5 40. g5 Ra1 41. Kg3 Ra2 42. Rc8 Re2 43. Rb8 Rd2 44. Rc8 Rd7 45. Rb8 f6 46. gxf6+ Kxf6 47. Rb6+ Kg7 48. Rb5 Rf7 49. Rg5 Kh6 50. Rc5 Rd7 51. Re5 Rd1 52. Re6 Kg7 53. Rb6 Rg1+ 54. Kf2 Ra1 55. Kg3 Ra5 56. Rb7+ Kf6 57. Rb6+ Kf5 58. Rb8 Ra1 59. Rb5+ Kf6 60. Rb6+ Kg7 61. Rb7+ Kh6 62. Rb6 Rg1+ 63. Kh2 Rf1 64. f5 Rxf3 65. Rxg6+ Kh7 66. Rg5 Kh6 67. Rg6+ Kh7 68. Rg5 h4 69. Rh5+ Kg7 70. Rxh4 Rxf5 71. Rg4+ Kh6 72. Kg3 Ra5 73. Re4 Kg5 74. Rg4+ Kf5 75. Rf4+ Ke5 76. Rf3 Ra1 77. Re3+ Kf5 78. Rf3+ Kg5 79. Re3 Ra5 80. Kf3 Rf5+ 81. Kg3 Kf6 82. Rf3 Rxf3+ 83. Kxf3 1/2-1/2


[Site "https://www.chess.com"]

[Event "Titled Tuesday Blitz February 28 Late 2023"]
[White "Mujumdar, Sameer"]
[Black "Poliakova, Varvara"]
[WhiteFideId "2029707"]
[BlackFideId "13518313"]
[WhiteElo "2104"]
[BlackElo "2075"]
[Result "1-0"]
[Round "03"]
[TimeControl "180+2"]
[Date "2023.02.28"]
[WhiteClock "0:00:22"]
[BlackClock "0:00:01"]

1. e4 e5 2. Nf3 Nc6 3. Bb5 a6 4. Ba4 Nf6 5. d3 b5 6. Bb3 Be7 7. O-O d6 8. h3 O-O 9. a4 Bb7 10. Nc3 b4 11. Nd5 Nxd5 12. Bxd5 Na5 13. Bxb7 Nxb7 14. Be3 a5 15. d4 Bf6 16. c3 exd4 17. cxd4 Re8 18. Qd3 Qe7 19. Rac1 c5 20. Nd2 Rac8 21. Rfe1 Qd7 22. b3 cxd4 23. Bxd4 Bxd4 24. Qxd4 Nc5 25. Re3 Qe6 26. Nc4 Nb7 27. Rd1 Rc6 28. Rg3 g6 29. Re3 Rec8 30. Red3 Nc5 31. Nxa5 Nxd3 32. Nxc6 Nxf2 33. Rc1 Re8 34. Kxf2 Qxb3 35. Ne7+ Kf8 36. Nd5 Qa2+ 37. Kg1 f5 38. Qf6+ Kg8 39. Ne7+ 1-0


[Site "https://www.chess.com"]

[Event "Titled Tuesday Blitz February 28 Late 2023"]
[White "Vlassov, Nikolai"]
[Black "Mazurkiewicz, Michal"]
[WhiteFideId "4103360"]
[BlackFideId "1124943"]
[WhiteElo "2324"]
[BlackElo "2054"]
[Result "1/2-1/2"]
[Round "03"]
[TimeControl "180+2"]
[Date "2023.02.28"]
[WhiteClock "0:00:07"]
[BlackClock "0:00:07"]

1. e4 d6 2. d4 Nf6 3. Nc3 c6 4. f4 Qb6 5. Nf3 Bg4 6. Be2 e6 7. O-O d5 8. e5 Nfd7 9. h3 Bxf3 10. Rxf3 c5 11. Na4 Qa5 12. Nxc5 Nxc5 13. dxc5 Bxc5+ 14. Kh2 g6 15. Rb3 Qc7 16. c4 dxc4 17. Bxc4 O-O 18. Qf3 Nc6 19. Rc3 Bb4 20. Rd3 Rfd8 21. Be3 Nxe5 22. fxe5 Qxc4 23. Rxd8+ Rxd8 24. Qxb7 Qe2 25. Bf4 Bd2 26. Bg3 h5 27. Qxa7 h4 28. Bxh4 Bf4+ 29. Bg3 Bxg3+ 30. Kxg3 Qxe5+ 31. Kf2 Rd3 32. Qa8+ Kg7 33. Kg1 Qxb2 34. Rf1 Qd4+ 35. Kh1 Qd5 36. Qxd5 Rxd5 37. Ra1 Ra5 38. a4 Kf6 39. Kg1 Ke7 40. Kf2 Kd6 41. Ke3 Kc5 42. Ke4 Kb4 43. h4 f6 44. g4 f5+ 45. gxf5 exf5+ 46. Kf4 Rxa4 47. Rxa4+ Kxa4 48. Kg5 Kb4 49. h5 gxh5 50. Kxf5 h4 51. Kg4 h3 52. Kxh3 1/2-1/2


[Site "https://www.chess.com"]

[Event "Titled Tuesday Blitz February 28 Late 2023"]
[White "Dzida, Kamil"]
[Black "Sielecki, Christof"]
[WhiteFideId "21828652"]
[BlackFideId "4620437"]
[WhiteElo "2139"]
[BlackElo "2443"]
[Result "1/2-1/2"]
[Round "03"]
[TimeControl "180+2"]
[Date "2023.02.28"]
[WhiteClock "0:00:04"]
[BlackClock "0:00:45"]

1. e4 c5 2. Nf3 a6 3. c4 Nc6 4. d4 cxd4 5. Nxd4 e5 6. Nf5 d5 7. cxd5 Bxf5 8. exf5 Nd4 9. Nc3 Nf6 10. Bd3 Be7 11. O-O O-O 12. Re1 Nxd5 13. Rxe5 Nxc3 14. bxc3 Bf6 15. Re1 Nb5 16. Bxb5 axb5 17. Qb3 Qd3 18. Bb2 Qxf5 19. Rad1 Rfd8 20. h3 h5 21. Rxd8+ Rxd8 22. a4 bxa4 23. Qxb7 Rd2 24. Rf1 Qc2 25. Ba3 Qxc3 26. Qa8+ Kh7 27. Qxa4 Qd4 28. Qxd4 Bxd4 29. Bc1 Rc2 30. Be3 Bxe3 31. fxe3 Kg6 32. Rf2 Rc3 33. Rf3 f5 34. Kf2 Rc2+ 35. Kg3 Rc4 36. h4 Kf6 37. Kh3 Ke5 38. Rf1 Rc2 39. Rd1 Re2 40. Rd3 Ke4 41. Rd7 Rxe3+ 42. Kh2 Re2 43. Re7+ Kd3 44. Rxg7 f4 45. Rf7 Ke3 46. Rf5 Rf2 47. Rxh5 f3 48. Re5+ Kf4 49. Ra5 Rxg2+ 50. Kh3 Rg3+ 51. Kh2 Rg2+ 52. Kh3 Rb2 53. Ra4+ Ke3 54. Ra8 Kf2 55. h5 Rb1 56. Kg4 Kg2 57. h6 f2 58. Rf8 Rh1 59. Kg5 f1=Q 60. Rxf1 Kxf1 61. Kg6 Rxh6+ 62. Kxh6 1/2-1/2


[Site "https://www.chess.com"]

[Event "Titled Tuesday Blitz February 28 Late 2023"]
[White "Liu, Eric"]
[Black "Ramirez Allo, Eduardo"]
[WhiteFideId "30960240"]
[BlackFideId "2224178"]
[WhiteElo "2094"]
[BlackElo "2450"]
[Result "1-0"]
[Round "03"]
[TimeControl "180+2"]
[Date "2023.02.28"]
[WhiteClock "0:00:08"]
[BlackClock "0:00:03"]

1. Nf3 Nf6 2. b3 g6 3. Bb2 Bg7 4. e3 O-O 5. Be2 d6 6. O-O Nbd7 7. d4 c5 8. c4 b6 9. Nc3 a6 10. a4 Bb7 11. d5 Ne8 12. e4 Nc7 13. Qc2 Bc8 14. Nd2 Nf6 15. f4 Bg4 16. e5 Bf5 17. Bd3 Bxd3 18. Qxd3 Nd7 19. e6 fxe6 20. dxe6 Nf6 21. f5 gxf5 22. Qxf5 Qe8 23. Qh3 Qg6 24. Rae1 Qc2 25. Bc1 b5 26. axb5 axb5 27. Nxb5 Nxb5 28. cxb5 Rab8 29. Rf3 Rxb5 30. Rc3 Qa2 31. Nc4 Ne4 32. Rf3 Rxf3 33. Qxf3 Nf6 34. Nd2 h5 35. g3 Ra5 36. Ne4 Nxe4 37. Qf7+ Kh7 38. Qxh5+ Kg8 39. Qf7+ Kh7 40. Qf5+ Kg8 41. Qxe4 Rb5 42. Qc6 Qxb3 43. Qe8+ Kh7 44. Qh5+ Kg8 45. Rf1 Qxe6 46. Qe8+ Kh7 47. Qxb5 Bd4+ 48. Kg2 Qe4+ 49. Kh3 Qe6+ 50. g4 Qg6 51. Qe2 c4 52. Qxe7+ Bg7 53. Qe2 c3 54. Qf3 Qc2 55. Qf5+ Qxf5 56. Rxf5 d5 57. Rh5+ Kg6 58. Rxd5 Bh6 59. Bxh6 Kxh6 60. Rc5 c2 61. Rc6+ 1-0


[Site "https://www.chess.com"]

[Event "Titled Tuesday Blitz February 28 Late 2023"]
[White "Mortazavi, Ali"]
[Black "Paszewski, Mateusz"]
[WhiteFideId "401323"]
[BlackFideId "1141058"]
[WhiteElo "2339"]
[BlackElo "2223"]
[Result "1-0"]
[Round "03"]
[TimeControl "180+2"]
[Date "2023.02.28"]
[WhiteClock "0:00:39"]
[BlackClock "0:00:02"]

1. Nf3 c5 2. g3 Nc6 3. Bg2 g6 4. O-O Bg7 5. d3 e5 6. c4 Nge7 7. Nc3 O-O 8. Ne1 d6 9. Nc2 Be6 10. Ne3 Qd7 11. Ned5 Bh3 12. Rb1 Bxg2 13. Kxg2 Nxd5 14. Nxd5 Ne7 15. Nxe7+ Qxe7 16. e4 f5 17. f3 b6 18. b4 Rf7 19. a4 Raf8 20. a5 h5 21. axb6 axb6 22. bxc5 bxc5 23. Rb6 h4 24. gxh4 Qxh4 25. Rxd6 fxe4 26. dxe4 g5 27. h3 Ra7 28. Be3 Ra2+ 29. Rf2 Rxf2+ 30. Bxf2 Qh5 31. Rd8 Kh8 32. Bxc5 Rxd8 33. Qxd8+ Kh7 34. Qd7 1-0


[Site "https://www.chess.com"]

[Event "Titled Tuesday Blitz February 28 Late 2023"]
[White "Sebag, Marie"]
[Black "Seletsky, Grigory"]
[WhiteFideId "617822"]
[BlackFideId "14112191"]
[WhiteElo "2440"]
[BlackElo "2490"]
[Result "0-1"]
[Round "03"]
[TimeControl "180+2"]
[Date "2023.02.28"]
[WhiteClock "0:00:16"]
[BlackClock "0:00:19"]

1. e4 e6 2. d3 d5 3. Nd2 c5 4. Ngf3 Nc6 5. g3 Nf6 6. Bg2 Be7 7. O-O Qc7 8. Qe2 b6 9. Re1 Bb7 10. c3 O-O-O 11. a3 Rdg8 12. b4 g5 13. bxc5 Bxc5 14. d4 Be7 15. e5 Nd7 16. Nb3 g4 17. Nfd2 h5 18. c4 dxc4 19. Qxc4 Kb8 20. Bb2 h4 21. d5 exd5 22. Bxd5 Rh7 23. Rac1 hxg3 24. fxg3 Nc5 25. Ne4 Nxb3 26. Qxb3 Rc8 27. Nd6 Bxd6 28. exd6 Qd7 29. Qc2 Rh6 30. Qf2 Rxd6 31. Bxc6 Rdxc6 32. Be5+ Ka8 33. Rcd1 Qe6 34. Bf4 Qg6 35. Rd2 Rc3 36. Red1 Qc6 37. Rd5 Qxd5 38. Rxd5 Bxd5 39. h4 Bf3 40. Qd4 Rc2 41. h5 Re2 42. h6 Rcc2 43. h7 Re1# 0-1


[Site "https://www.chess.com"]

[Event "Titled Tuesday Blitz February 28 Late 2023"]
[White "Sreyas Payyappat"]
[Black "Mustafayev, Farid"]
[WhiteFideId "46674969"]
[BlackFideId "13408771"]
[WhiteElo "2083"]
[BlackElo "2317"]
[Result "0-1"]
[Round "03"]
[TimeControl "180+2"]
[Date "2023.02.28"]
[WhiteClock "0:00:02"]
[BlackClock "0:00:38"]

1. e4 c6 2. d4 d5 3. Nc3 dxe4 4. Nxe4 Nf6 5. Nxf6+ exf6 6. Bc4 Bd6 7. Qe2+ Qe7 8. Qxe7+ Kxe7 9. Ne2 Re8 10. O-O Bf5 11. c3 Nd7 12. Bf4 Bxf4 13. Nxf4 Kf8 14. Rfe1 g5 15. Nh5 Bg6 16. Ng3 Nb6 17. Bb3 a5 18. a4 f5 19. f3 h6 20. Kf2 Rad8 21. Bc2 f4 22. Ne4 Nc4 23. Rab1 Ne3 24. Bd3 Bxe4 25. fxe4 c5 26. d5 c4 27. Be2 Rxe4 28. Bf3 Re7 29. Re2 Nxd5 30. Rd2 Red7 31. Rbd1 Nb6 32. Rxd7 Rxd7 33. Rxd7 Nxd7 34. Bxb7 Nb6 35. Bc6 g4 36. h3 h5 37. hxg4 hxg4 38. g3 f3 39. Ke3 Ke7 40. Kf2 Kd6 41. Be8 f5 42. Ke3 Ke5 43. Bc6 Nd5+ 44. Kf2 f4 45. gxf4+ Nxf4 46. Bb5 Nd3+ 47. Kg3 Nxb2 48. Bc6 Nd3 49. Kxg4 f2 50. Bg2 Nc5 51. Bf1 Ne4 52. Kf3 Kd5 0-1


[Site "https://www.chess.com"]

[Event "Titled Tuesday Blitz February 28 Late 2023"]
[White "Di Berardino, Diego Rafael"]
[Black "Rottenwohrer Suarez, Juan"]
[WhiteFideId "2105446"]
[BlackFideId "32068182"]
[WhiteElo "2432"]
[BlackElo "2174"]
[Result "0-1"]
[Round "03"]
[TimeControl "180+2"]
[Date "2023.02.28"]
[WhiteClock "0:00:04"]
[BlackClock "0:00:38"]

1. e4 c5 2. Nf3 g6 3. d4 cxd4 4. Nxd4 Nc6 5. c4 Nf6 6. Nc3 d6 7. Be2 Nxd4 8. Qxd4 Bg7 9. Be3 O-O 10. Qd2 a5 11. O-O a4 12. Rfc1 Qa5 13. Rab1 Be6 14. b3 axb3 15. axb3 Qb4 16. f3 Rfc8 17. Kh1 Nd7 18. Qc2 Ra3 19. Nb5 Raa8 20. Nd4 Qa3 21. Nxe6 fxe6 22. f4 Qa2 23. Bg4 Kf7 24. f5 exf5 25. exf5 Qxc2 26. Rxc2 Rc7 27. Rf2 Bf6 28. fxg6+ Kxg6 29. Bf3 Ne5 30. Be4+ Kg7 31. h3 Ra3 32. Bb6 Rc8 33. g4 h6 34. Bd4 Nd7 35. Be3 Rb8 36. b4 Rxe3 37. Bf5 Ne5 38. c5 Rxh3+ 39. Kg2 Rc3 40. Rh1 dxc5 41. bxc5 Rxc5 42. Rd2 b5 0-1


[Site "https://www.chess.com"]

[Event "Titled Tuesday Blitz February 28 Late 2023"]
[White "Backsten, Jan"]
[Black "Risteski, Emil"]
[WhiteFideId "1735381"]
[BlackFideId "15005267"]
[WhiteElo "1967"]
[BlackElo "2251"]
[Result "0-1"]
[Round "03"]
[TimeControl "180+2"]
[Date "2023.02.28"]
[WhiteClock "0:00:10"]
[BlackClock "0:00:20"]

1. e4 d6 2. d4 Nf6 3. Nc3 e5 4. dxe5 dxe5 5. Qxd8+ Kxd8 6. f4 Nbd7 7. Nf3 Bd6 8. f5 c6 9. Bc4 Ke7 10. Bg5 b5 11. Bd3 a5 12. O-O-O h6 13. Bh4 g5 14. fxg6 fxg6 15. Bxb5 cxb5 16. Nd5+ Ke6 17. Nxf6 g5 18. Nxd7 Bxd7 19. Bg3 Rhd8 20. h3 Bc6 21. Rhe1 Bc7 22. Bf2 Rxd1+ 23. Kxd1 Rd8+ 24. Kc1 b4 25. h4 g4 26. Nh2 h5 27. Nf1 Rf8 28. Bc5 Rh8 29. Ng3 Bd8 30. Rh1 Be8 31. Kd2 Bg6 32. Ke3 Rh7 33. Nf1 Rc7 34. Bb6 Rc8 35. Bxd8 Rxd8 36. Nd2 Rc8 37. Rc1 a4 38. c4 Rd8 39. b3 a3 40. g3 Kd6 41. Nf1 Kc5 42. Re1 Rd4 43. Nd2 Rd7 44. Rf1 Rf7 45. Rxf7 Bxf7 46. Kd3 Bg6 47. Nf1 Bh7 48. Ne3 Bg6 49. Nd5 Bh7 50. Nf6 Bg6 51. Nd7+ Kd6 52. Nb6 Kc5 53. Nd5 Bh7 54. Ne7 Kd6 55. Nf5+ Kc5 56. Ng7 Bg6 57. Ke3 Bf7 58. Nf5 Bxc4 59. Kd2 Bxb3 0-1


[Site "https://www.chess.com"]

[Event "Titled Tuesday Blitz February 28 Late 2023"]
[White "Rego, Pedro Filipe"]
[Black "Saveliev, Alexei"]
[WhiteFideId "1904310"]
[BlackFideId "24128546"]
[WhiteElo "2193"]
[BlackElo "2271"]
[Result "0-1"]
[Round "03"]
[TimeControl "180+2"]
[Date "2023.02.28"]
[WhiteClock "0:00:21"]
[BlackClock "0:01:21"]

1. c4 g6 2. g3 Bg7 3. Bg2 d6 4. Nf3 c5 5. O-O Nc6 6. Nc3 e5 7. Ne1 f5 8. Nc2 Nf6 9. Ne3 O-O 10. d3 Be6 11. Ned5 Qd7 12. Bg5 Rae8 13. e3 Nh5 14. f4 h6 15. Bh4 exf4 16. gxf4 Nf6 17. Qd2 Kh7 18. Rae1 b6 19. Kh1 Ne7 20. e4 Nc6 21. Bf2 fxe4 22. dxe4 Bh3 23. Bxh3 Qxh3 24. Bg3 Nd4 25. Qg2 Qd7 26. Bf2 Nxd5 27. Nxd5 Qf7 28. Bxd4 Bxd4 29. b3 Rg8 30. Rf3 Re6 31. Rg3 Rge8 32. a4 Qf5 33. Nc7 Rxe4 34. Rxe4 Rxe4 35. Qf1 Rxf4 36. Rf3 Rxf3 37. Qxf3 Qxf3# 0-1


[Site "https://www.chess.com"]

[Event "Titled Tuesday Blitz February 28 Late 2023"]
[White "Dzierzak, Radoslaw"]
[Black "Klose, Eli"]
[WhiteFideId "1161407"]
[BlackFideId "16242955"]
[WhiteElo "2166"]
[BlackElo "2589"]
[Result "0-1"]
[Round "03"]
[TimeControl "180+2"]
[Date "2023.02.28"]
[WhiteClock "0:00:12"]
[BlackClock "0:00:15"]

1. e4 e6 2. Nf3 d5 3. Nc3 d4 4. Ne2 c5 5. c3 dxc3 6. bxc3 Nc6 7. Ng3 Nf6 8. d4 cxd4 9. cxd4 Bb4+ 10. Bd2 Qa5 11. a3 Bxd2+ 12. Qxd2 Qxd2+ 13. Kxd2 Ke7 14. Bd3 Rd8 15. Ke3 Ng4+ 16. Ke2 Nxd4+ 17. Nxd4 Rxd4 18. f4 Rxd3 19. Kxd3 Nf2+ 20. Ke3 Nxh1 21. Rxh1 Bd7 22. Rc1 Bc6 23. Ne2 Rc8 24. Nd4 Bd7 25. Rxc8 Bxc8 26. e5 Bd7 27. Nb3 Bc6 28. g3 Bd5 29. Nd4 Kd7 30. Nb5 a6 31. Nd6 f6 32. Kd4 b6 33. h4 Bb3 34. Ne4 Ke7 35. Nd6 Kd7 36. Ne4 f5 37. Ng5 h6 38. Nf7 Bd1 39. Nd6 Kc6 40. Kc4 Be2+ 41. Kd4 Bh5 42. Kc4 Bg6 43. a4 Bh5 44. Kb4 a5+ 45. Kb3 Bd1+ 46. Ka3 Kd5 47. Nc8 Ke4 48. Nxb6 Kf3 49. Nc4 Kxg3 50. Nxa5 Kxf4 51. Nc4 Bxa4 52. Kxa4 g5 53. hxg5 hxg5 54. Kb3 g4 55. Nb2 g3 56. Nd3+ Ke3 57. Ne1 Ke2 58. Ng2 Kf2 59. Nf4 g2 60. Nh3+ Kf1 61. Kc3 g1=Q 62. Nxg1 Kxg1 63. Kd4 Kg2 64. Kc5 f4 65. Kd6 f3 66. Kxe6 f2 67. Kd7 f1=Q 68. e6 Qd3+ 69. Ke8 Qg6+ 70. Kd7 Qf5 71. Kd6 Qd3+ 72. Kc7 Qe4 73. Kd7 Qd5+ 74. Ke7 Kf3 75. Kf7 0-1


[Site "https://www.chess.com"]

[Event "Titled Tuesday Blitz February 28 Late 2023"]
[White "Colas, Joshua"]
[Black "Slade, Theodore"]
[WhiteFideId "2044447"]
[BlackFideId "426547"]
[WhiteElo "2347"]
[BlackElo "1964"]
[Result "1-0"]
[Round "03"]
[TimeControl "180+2"]
[Date "2023.02.28"]
[WhiteClock "0:00:31"]
[BlackClock "0:00:07"]

1. c4 e6 2. Nf3 d5 3. g3 Nf6 4. Bg2 Be7 5. O-O O-O 6. b3 d4 7. e3 c5 8. exd4 cxd4 9. Ne5 Nfd7 10. Nxd7 Nxd7 11. d3 e5 12. Ba3 Bxa3 13. Nxa3 Nc5 14. b4 Ne6 15. Re1 Qc7 16. Nb5 Qb8 17. c5 a5 18. a3 axb4 19. axb4 Rxa1 20. Qxa1 f6 21. Nd6 b6 22. Qa2 bxc5 23. Nxc8 Qxc8 24. Bd5 Kf7 25. Rc1 Re8 26. Rxc5 Qb8 27. Rc6 Qxb4 28. Rxe6 Rxe6 29. Bxe6+ Ke7 30. Bc4 Qb7 31. Qa3+ Ke8 32. Qd6 Qe7 33. Qxe7+ Kxe7 34. f4 exf4 35. gxf4 f5 36. Kf2 h6 37. h4 g6 38. h5 g5 39. Kf3 Kf6 40. Ba6 Ke7 41. Bc8 Kf6 42. Bd7 g4+ 43. Kg3 1-0


[Site "https://www.chess.com"]